 Dungeon Crawl Stone Soup version 0.32-a0-900-g30fb1b0edc (webtiles) character file.

Game seed: 16761332566774819940

14 TheTpDoctor the Trooper (level 2, 0/24 HPs)
             Began as a Demonspawn Cinder Acolyte on Apr 5, 2024.
             Was a High Priest of Ignis.
             Frozen to death by an endoplasm (5 damage)
             ... on level 1 of the Dungeon.
             The game lasted 00:06:38 (580 turns).

TheTpDoctor the Trooper (Demonspawn Cinder Acolyte)  Turns: 580, Time: 00:06:38

Health: 0/24       AC:  0    Str: 14    XL:     2   Next: 27%
Magic:  3/3        EV: 10    Int: 14    God:    Ignis [*****.]
Gold:   38         SH:  0    Dex:  8    Spells: 3/3 levels left

rFire   + . .        a - -1 falchion (flame)
rCold   . . .        (no shield)
rNeg    . . .        (no body armour)
rPois   .            (helmet restricted)
rElec   .            (no cloak)
rCorr   .            (no gloves)
SInv    .            (no boots)
Will    .....        (no amulet)
Stlth   +            (no ring)
HPRegen 0.24/turn    (no ring)
MPRegen 0.08/turn

%: no passive effects
@: no status effects
A: antennae 1
a: Renounce Religion, Fiery Armour, Foxfire Swarm, Rising Flame


You were on level 1 of the Dungeon.
You worshipped Ignis.
Ignis was extremely pleased with you.
You visited 1 branch of the dungeon, and saw 1 of its levels.

You collected 38 gold pieces.

Inventory:

Hand Weapons
 a - a -1 falchion of flaming (weapon)
 g - a +0 club
Missiles
 e - 7 stones (quivered)
Armour
 b - a +0 robe
Scrolls
 c - a scroll of silence {unknown}
 d - a scroll of immolation {unknown}
 f - a scroll of revelation {unknown}


   Skills:
 + Level 3.1 Fighting
 + Level 3.0 Long Blades
 + Level 0.3 Dodging
 + Level 1.1 Spellcasting
 + Level 2.7 Fire Magic


You had 3 spell levels left.
You didn't know any spells.
Your spell library contained the following spells:

 Spells                   Type           Power      Damage    Failure   Level
 Scorch                   Fire           16%        2d5       13%         2
 Apportation              Tloc           0%         N/A       26%         1
 Kiss of Death            Conj/Necr      0%         2d5       26%         1
 Necrotise                Necr           0%         1d4       26%         1
 Sting                    Conj/Alch      0%         1d3       26%         1
 Summon Small Mammal      Summ           0%         N/A       26%         1
 Confusing Touch          Hex            0%         N/A       61%         3
 Dispel Undead            Necr           0%         3d6       95%         4


Dungeon Overview and Level Annotations

Branches:
Dungeon (1/15)

Altars:


Innate Abilities, Weirdness & Mutations

You have a pair of small antennae on your head.


Message History

Found 9 gold pieces.
Found a scroll labelled VERGHY LOARIAGU.
You see here a +0 falchion.
You see here a +0 falchion.
A jackal and an endoplasm come into view.
Found a potion of curing.
A jackal comes into view.
The jackal bites you.
The jackal barks!
The jackal barely misses you. The jackal bites you.
A kobold comes into view. It is wielding a +0 short sword.
The jackal bites you. The jackal barely misses you.
You closely miss the jackal.
The kobold shouts!
The jackal bites you.
The jackal stops to sniff the ground.
The jackal bites you. The jackal barely misses you. x2
Things that are here:
9 gold pieces; 3 large rocks You closely miss the jackal.
The jackal closely misses you. The jackal barely misses you.
The jackal bites you.
You closely miss the jackal. The jackal bites you. x2
The kobold hits the bush but does no damage.
The jackal bites you.
You barely miss the jackal. The jackal barely misses you. x2
The kobold hits the bush but does no damage.
The jackal bites you.
You hit the jackal. You burn the jackal.
You kill the jackal!
The jackal bites you.
* * * LOW HITPOINT WARNING * * *
The kobold hits the bush but does no damage.
The jackal bites you.
* * * LOW HITPOINT WARNING * * *
The endoplasm freezes you.
You are frozen.
You die...
Ignis goes out, and joins you in death. # ♣...♣ # #...ß...# #.♣...♣. #..... #PKP#

##≈.≈## #########
###≈≈J≈≈###.......#
###P≈≈≈@≈≈≈P#.......#
#.!.....h......)....##
#.#P≈≈≈.≈≈≈P#....>...#
###≈≈.≈≈####.#####.#
##≈?≈## #.# #P.P# ##.#
##.## #..# ..# #.##
##### #..# #.# #...#


You could see an endoplasm, a jackal and a kobold.

Vanquished Creatures
  2 bats (D:1)
  3 endoplasms (D:1)
  3 goblins (D:1)
  A hobgoblin (D:1)
  A jackal (D:1)
  A frilled lizard (D:1)
  A kobold (D:1)
12 creatures vanquished.

Notes
Turn   | Place    | Note
-------+----------+-------------------------------------------
     0 | D:1      | TheTpDoctor the Demonspawn Cinder Acolyte began the quest
                  | for the Orb.
     0 | D:1      | Reached XP level 1. HP: 18/18 MP: 2/2
   326 | D:1      | Gained mutation: You have a pair of small antennae on your
                  | head. [demonic ancestry]
   326 | D:1      | Reached XP level 2. HP: 19/24 MP: 3/3
   580 | D:1      | Frozen to death by an endoplasm

Illustrated notes

Levels and vault maps discovered:
D:1:      dpeg_arrival_long_road, layout_rooms, dreamdust_princess_bridge

Skill      XL: |  1 |
---------------+----+-----
Long Blades    | 3 |  3.0
Fighting       | |  3.1
Dodging        | |  0.3
Spellcasting   | |  1.1
Fire Magic     | |  2.7

Action                     || total
---------------------------++-------
  Melee: Falchion          ||    46
    Use: Potion            ||     1
 Armour: Robe              ||    31
         Skin              ||    31
  Dodge: Dodged            ||    70

Table legend: (Time is in decaauts)
 A = Elapsed time spent in this place.
 B = Non-inter-level travel time spent in this place.
 C = Inter-level travel time spent in this place.
 D = Time resting spent in this place.
 E = Time spent auto-exploring this place.
 F = Levels seen in this place.
 G = Mean time per level.
                   A        B        C        D        E       F      G
               +--------+--------+--------+--------+--------+-----+--------+
         Total |    584 |    532 |     52 |      0 |      0 |   1 |  584.0 |
       Dungeon |    584 |    532 |     52 |      0 |      0 |   1 |  584.0 |
               +--------+--------+--------+--------+--------+-----+--------+

Top non-repeatable levels by time:
     D:1: 584 daAuts
